Map: Tropical Sacrifice

Players

PandaBearMe

  • Race: Zerg Zerg
  • Spawn Location: 1:00

Scarlett - Winner!

  • Race: Zerg Zerg
  • Spawn Location: 7:00

Event: DreamHack SC2 Masters 2022 Atlanta (Offline)

VOD

Have the link to the VOD?

Description

Time

  • Played on: Nov. 18, 2022, 10:02 a.m.
  • Length: 4:47

All games in this series

Show
View Real Time Build Order
Export as new Build Order

PandaBearMe Zerg 

Build Orders: Hatch First, Zergling Baneling 

Get SALT Encoding   

  12  0:00  Drone  
  13  0:13  Overlord  
  13  0:17  Drone  
  14  0:32  Drone x2  
  16  0:51  Hatchery  
  16  0:54  Drone  
  16  0:58  Drone  
  16  1:03  Drone  
  18  1:05  Extractor  
  17  1:18  Spawning Pool  
  17  1:22  Drone  
  17  1:26  Drone  
  17  1:30  Drone  
  19  1:49  Drone  
  19  1:51  Drone  
  21  2:00  Overlord  
  21  2:05  Queen x2  
  25  2:11  Metabolic Boost  
  25  2:17  Zergling x4  
  25  2:21  Drone  
  28  2:24  Drone  
  28  2:29  Baneling Nest  
  28  2:33  Drone  
  29  2:38  Drone x2  
  31  2:48  Queen  
  33  2:53  Overlord  
  33  2:59  Zergling x2  
  33  3:00  Zergling x2  
  33  3:01  Zergling x2  
  34  3:06  Overlord  
  34  3:08  Zergling x2  
  34  3:12  Zergling x2  
  36  3:14  Zergling x2  
  36  3:15  Zergling x2  
  36  3:17  Zergling x2  
  39  3:22  Zergling x4  
  39  3:24  Zergling x2  
  42  3:33  Zergling x6  
  45  3:39  Overlord  
  45  3:45  Zergling x2  
  46  3:50  Zergling x2  
  46  3:54  Zergling x2  
  48  3:57  Zergling x4  
  48  3:58  Zergling x6  
  48  4:02  Zergling x4  
  55  4:06  Baneling x3  
  55  4:07  Baneling x3  
  55  4:10  Baneling x2  
  55  4:15  Baneling x3  
  55  4:16  Baneling  
  54  4:17  Zergling x2  
  54  4:19  Zergling x2  
  54  4:22  Zergling x2  
  54  4:23  Baneling  
Show
View Real Time Build Order
Export as new Build Order

Scarlett Zerg - Winner!

Build Orders: Hatch First 

Get SALT Encoding   

  12  0:00  Drone  
  13  0:12  Overlord  
  13  0:17  Drone  
  14  0:31  Drone x2  
  16  0:49  Hatchery  
  15  0:52  Drone  
  15  0:55  Drone  
  17  0:59  Drone  
  18  1:10  Extractor  
  17  1:13  Spawning Pool  
  17  1:17  Drone  
  17  1:21  Drone  
  18  1:28  Drone  
  19  1:38  Drone  
  20  1:49  Drone  
  21  2:01  Queen x2, Overlord  
  21  2:02  Zergling x2  
  26  2:10  Metabolic Boost  
  26  2:11  Drone  
  26  2:14  Drone  
  28  2:22  Spine Crawler  
  27  2:24  Drone  
  27  2:26  Drone  
  29  2:33  Drone  
  29  2:34  Drone  
  31  2:38  Queen  
  31  2:44  Zergling x2  
  34  2:45  Overlord  
  34  2:56  Drone x2  
  36  3:03  Queen  
  38  3:09  Drone x3  
  41  3:12  Drone  
  41  3:13  Drone x2  
  41  3:17  Evolution Chamber  
  42  3:20  Drone  
  42  3:22  Overlord  
  43  3:31  Hatchery  
  42  3:41  Zergling x4, Roach Warren  
  42  3:44  Zergling x4  
  45  3:53  Evolution Chamber  
  43  3:59  Zergling x4, Evolution Chamber  
  44  4:05  Evolution Chamber  
  44  4:06  Zergling x4  
  45  4:13  Roach Warren  
  45  4:23  Roach x3, Overlord  
  50  4:25  Roach  
  44  4:46  Evolution Chamber  
Tags
 
Add a new tag
Caveats
  • Supply blocks, unpowered buildings, or Contaminate may cause inaccurate times.
  • Supply counts are checked every 10 seconds.